AoeStats
← MarcaTenebrosa

Arabia

507419520Analyzed
1v1 RM · 14d ago on Sep 18, 2026· 33m 45s· 2 players
Game mode
Random Map
Map size
Tiny (2 player)
Population
200
Speed
Normal
Resources
Standard
Victory
Conquest
Starting age
Dark Age
Ending age
Imperial Age
RankedLock teamsTeams togetherTeam positionsShared explorationLock speedFull tech treeHidden civsTurbo modeCheats
Victory
Defeat
🇲🇽 Vietnamese · Mexico
860
+14
🇦🇷 Franks · Argentina
817
-30
MarcaTenebrosa
10:57 Feudal Age
10:49 Loom
17:15 Castle Age
21:08 Fletching
22:52 Padded Archer Armor
26:14 Bodkin Arrow
28:07 Stone Mining
29:51 Wheelbarrow
NF I Odysseo
10:45 Feudal Age
9:00 Loom
11:42 Double-Bit Axe
20:21 Castle Age
18:59 Fletching
20:17 Padded Archer Armor
20:24 Crossbowman
23:15 Thumb Ring
23:59 Bow Saw
25:36 Gold Mining
31:52 Wheelbarrow
Connection lost

Rejoining the realm…

Still unreachable

The connection could not be restored.

Session expired

The server has moved on; the page needs a fresh start.